Tangles, chaotic male orcish Rogue -------------------- |........|...|.%.=.| |.....-..|.-.|.....| |..|.....|``.|.....| |-.|..-.`|.-.|..<..| |...--.......|.....| |...|...-...-|.....| |...|.%|...--|.....| |-.%|..-----------|| |......d.%.........| |...|[o------------- -------- Tangles the Rogue Experience level: 7 Strength: 18/02 Dexterity: 18 Constitution: 16 Intelligence: 11 Wisdom: 10 Charisma: 8 Health: 0(53) Energy: 30(30) Def: 8 Gold: 764 Moves: 4000 Dungeon seed: UGWLTzluoitsEdOK Game ID: Tangles_1467115424 Your Inventory: Coins $ - 764 gold pieces Weapons a - a very corroded +0 orcish short sword (weapon in hand) b - 14 +0 orcish daggers (in quiver) u - a +0 dagger E - a +0 dwarvish short sword Armor e - an uncursed +1 leather armor (being worn) x - an uncursed +0 dwarvish iron helm (being worn) z - a blessed +1 pair of iron shoes (being worn) A - a blessed thoroughly rotted +0 dwarvish cloak (being worn) Comestibles d - an uncursed carrot g - an uncursed egg h - 4 uncursed food rations m - an uncursed candy bar J - 3 uncursed slime molds P - an uncursed egg Z - an uncursed tin of jackal meat Scrolls i - 2 uncursed scrolls of destroy armor j - an uncursed scroll of identify k - an uncursed scroll of confuse monster I - a blessed scroll of taming L - an uncursed scroll of remove curse M - an uncursed scroll of teleportation Q - 2 uncursed scrolls of earth R - an uncursed scroll of blank paper Potions c - an uncursed potion of sickness o - an uncursed potion of confusion p - 2 blessed potions of confusion r - 3 cursed potions of blindness v - an uncursed potion of sleeping H - an uncursed potion of extra healing K - a cursed potion of confusion Rings G - an uncursed ring of cold resistance T - a cursed ring of polymorph W - an uncursed ring of searching Wands t - a wand of digging (0:7) O - a wand of slow monster (0:6) V - a wand of lightning (0:5) Tools f - an uncursed sack l - an uncursed lock pick F - an uncursed tallow candle (0:200) Y - an uncursed mirror Gems n - 2 uncursed worthless pieces of green glass q - an uncursed worthless piece of yellow glass y - an uncursed amber stone N - an uncursed worthless piece of red glass Spells and supernatural/magical abilities: Name Level Category Fail Memory W - pray for help -- divine ? -- Your skills at the end: Fighting Skills wands [Basic] Weapon Skills dagger [Basic] short sword [Basic] Spellcasting Skills Final Attributes: You were piously aligned. You were poison resistant. You were telepathic. You had infravision. You were stealthy. You are dead. Vanquished creatures: a wolf a spotted jelly 4 brown puddings a dingo a gnome mummy 3 wood nymphs a water nymph a rock piercer 2 gnomish wizards 2 golden naga hatchlings a guardian naga hatchling a straw golem a paper golem 2 little dogs 2 floating eyes a kitten 2 dwarves a kobold shaman 3 hill orcs a rothe a rabid rat 2 monkeys 2 dwarf zombies a wererat a werejackal 3 killer bees 2 coyotes 2 gas spores a hobgoblin 2 brown molds 2 green molds a red mold 2 gnomes 3 garter snakes 2 geckos 7 jackals a fox a sewer rat 8 grid bugs 2 bats 3 lichens 4 newts 85 creatures vanquished. Voluntary challenges: You used a wielded weapon 76 times, starting on turn 22. You read items or engraved 1 time, starting on turn 2493. You never genocided any monsters. You never polymorphed an object. You never changed form. You used no wishes. You split 3 puddings, starting on turn 3876. You never wrote Elbereth's name. You never violated your personal moral code. Dungeon overview: The Dungeons of Doom: levels 1 to 9 Level 1 some sinks a long staircase Level 2 Level 3 a fountain stairs to The Gnomish Mines Level 4 a general store, an altar to Mog Level 5 (v) a fountain Level 6 Level 7 (V) a fountain Level 8 many fountains Level 9 stairs to Sokoban The Gnomish Mines: Level 4 stairs to The Dungeons of Doom Sokoban: levels 6 to 8 Level 6 <- You were here Level 7 Level 8 stairs to The Dungeons of Doom History has recorded: On T:1 you entered the Dungeons of Doom to retrieve the Amulet of Yendor! On T:325 you reached level 2 of The Dungeons of Doom. On T:366 you reached level 3 of The Dungeons of Doom. On T:408 you reached level 1 of The Gnomish Mines. On T:460 you advanced to experience level 2. On T:512 you reached level 4 of The Dungeons of Doom. On T:576 you reached level 5 of The Dungeons of Doom. On T:649 you advanced to experience level 3. On T:899 you advanced to experience level 4. On T:1444 you reached level 6 of The Dungeons of Doom. On T:1726 you reached level 7 of The Dungeons of Doom. On T:1790 you reached level 8 of The Dungeons of Doom. On T:1848 you advanced to experience level 5. On T:2058 you reached level 9 of The Dungeons of Doom. On T:2214 you reached level 4 of Sokoban. On T:2606 you reached level 3 of Sokoban. On T:3135 you advanced to experience level 6. On T:3506 you reached level 2 of Sokoban. On T:3893 you advanced to experience level 7. Score breakdown: Gold: 764 ( 9809 points) Experience: 7 levels (13645 points) Exploration: 9 levels ( 18.37%) (12247 points) Discoveries: 1 item ( 0.34%) ( 1761 points) Valuables value: (no points given unless you survive) Artifact value: 0 ( 0 points) Variety of kills: 42 monsters ( 10.97%) ( 9934 points) Turncount: 4000 turns (-1024 points) Survival: died (score multiplied by 80%) Total score: 37097 Latest messages: You kill the spotted jelly! b - a +0 orcish dagger (in quiver). With great effort you move the boulder. You see here a brown pudding corpse. With great effort you move the boulder. You see here a brown pudding corpse. With great effort you move the boulder. The boulder falls into and plugs a hole in the floor! You see here a brown pudding corpse. (2x) With great effort you move the boulder. You see here a brown pudding corpse. With great effort you move the boulder. The boulder falls into and plugs a hole in the floor! You succeed in picking the lock. The door opens. The dingo bites! (5x) You see here a brown pudding corpse. The dingo bites! (2x) You die... The sack is empty. The sack is empty. Final status: Goodbye Tangles the Rogue, killed by a dingo... You died in Sokoban on dungeon level 6 with 37097 points, and 764 pieces of gold, after 4000 moves. You were level 7 with a maximum of 53 hit points when you died.